 Dungeon Crawl Stone Soup version 0.28.0 (webtiles) character file.

Game seed: 8478530982724275285

587 Deca the Ruffian (level 7, -7/70 HPs)
             Began as a Troll Monk on Feb 14, 2022.
             Mangled by Duvessa (18 damage)
             ... on level 4 of the Dungeon.
             The game lasted 00:05:54 (2167 turns).

Deca the Ruffian (Troll Monk)                       Turns: 2167, Time: 00:05:54

Health: -7/70      AC:  5    Str: 22    XL:     7   Next: 15%
Magic:  6/6        EV: 11    Int:  6    God:
Gold:   191        SH:  0    Dex: 12    Spells: 6/6 levels left

rFire   . . .      SeeInvis .     - Unarmed
rCold   . . .      Faith    .   (no shield)
rNeg    . . .      Spirit   .   a - +0 robe
rPois   .          Reflect  .   (helmet restricted)
rElec   .          Harm     .   e - +0 cloak
rCorr   .          Rampage  .   (gloves unavailable)
Will    .....                   (boots unavailable)
Stlth   ++........              (no amulet)
HPRegen 1.01/turn               (no ring)
MPRegen 0.10/turn               (no ring)

@: no status effects
A: large, unfitting armour, claws 3, regeneration 1, shaggy fur 1, tough skin 1
a: no special abilities


You were on level 4 of the Dungeon.
You visited 1 branch of the dungeon, and saw 4 of its levels.

You collected 191 gold pieces.

Inventory:

Armour
 a - a +0 robe (worn)
 e - a +0 cloak (worn)
Jewellery
 h - a ring of wizardry
Scrolls
 c - a scroll of acquirement {unknown}
 d - a scroll of identify {unknown}
 g - a scroll of teleportation {unknown}
 j - a scroll of brand weapon {unknown}
 k - a scroll of enchant weapon {unknown}
Potions
 b - 2 potions of attraction
 f - 3 potions of might {unknown}
 i - a potion of mutation {unknown}


   Skills:
 + Level 4.0 Fighting
 - Level 0.1 Armour
 + Level 4.0 Dodging
 + Level 2.4 Stealth
 + Level 4.8 Unarmed Combat


You had 6 spell levels left.
You didn't know any spells.
Your spell library contained the following spells:

 Spells                   Type           Power      Damage    Failure   Level
 Summon Small Mammal      Summ           0%         N/A       45%         1
 Call Canine Familiar     Summ           0%         N/A       83%         3
 Summon Guardian Golem    Hex/Summ       0%         N/A       83%         3
 Orb of Destruction       Conj           0%         9d5       100%        7
 Spellforged Servitor     Conj/Summ      0%         N/A       100%        7


Dungeon Overview and Level Annotations

Branches:
Dungeon (4/15)
 Temple: D:4-7

Altars:

Shops:
D:4 *

Annotations:
D:4 Duvessa


Innate Abilities, Weirdness & Mutations

You are too large for most types of armour.
You have claws for hands.
Your natural rate of healing is unusually fast.
You are covered in fur. (AC +1)
You have tough skin. (AC +1)


Message History

Dowan is moderately wounded.
Dowan hits you with a +0 dagger. Duvessa misses you.
You scratch Dowan.
Dowan is severely wounded.
Dowan hits you but does no damage. Duvessa closely misses you.
You scratch Dowan.
Dowan is severely wounded.
Dowan hits you with a +0 dagger. Duvessa hits you with a +0 short sword.
You scratch Dowan but do no damage.
Dowan is severely wounded.
Dowan hits you with a +0 dagger. Duvessa hits you with a +0 short sword.
You closely miss Dowan.
Dowan is severely wounded.
Dowan hits you with a +0 dagger.
You closely miss Dowan.
Dowan is severely wounded.
Duvessa hits you but does no damage. Dowan hits you but does no damage.
You closely miss Dowan.
Dowan is severely wounded.
Duvessa hits you but does no damage.
You claw Dowan!
You kill Dowan!
Duvessa screams, "No!
How DARE you!"
Duvessa goes berserk!
Duvessa barely misses you. Duvessa hits you with a +0 short sword!
Your Fighting skill increases to level 4!
Your Dodging skill increases to level 4!
You scratch Duvessa.
Duvessa is lightly wounded.
Duvessa hits you with a +0 short sword.
You claw Duvessa!
Duvessa is moderately wounded.
Duvessa hits you with a +0 short sword.
* * * LOW HITPOINT WARNING * * *
You scratch Duvessa but do no damage.
Duvessa is moderately wounded.
Duvessa hits you with a +0 short sword!
* * * LOW HITPOINT WARNING * * *
Duvessa hits you with a +0 short sword!!
You die...

..............###
.###............. ## ##
##............. . .
.............## #.
#.##.#.##......##
#.###.##.#.##......##
..........##........
##.###e##.#.#.##.....###
......)@....#...........
##.#.##.#.#.#.##.#######
#.......†#...##........
...#.#..$!.)#.##..######
#...$..#.#.....#
#...#........##..#
#.#.#.#.##.#.##..# .
#..............#
#.#.##.###.##..#


You could see Duvessa (berserk).

Vanquished Creatures
  A necrophage (D:4)
  A phantom (D:4)
  A scorpion (D:4)
  Dowan (D:4)
  A bullfrog skeleton (D:4)
  A jelly (D:3)
  3 iguanas
  A hound skeleton (D:3)
  4 gnolls (D:4)
  7 adders
  A worm (D:3)
  2 dart slugs
  4 orcs (D:3)
  4 ball pythons
  4 bats
  3 endoplasms
  3 giant cockroaches
  3 goblins (D:1)
  5 hobgoblins
  6 jackals (D:1)
  4 quokkas
  5 frilled lizards
  3 kobolds
  3 rats
71 creatures vanquished.

Notes
Turn   | Place    | Note
-------+----------+-------------------------------------------
     0 | D:1      | Deca the Troll Monk began the quest for the Orb.
     0 | D:1      | Reached XP level 1. HP: 22/22 MP: 0/0
   112 | D:1      | Reached XP level 2. HP: 29/29 MP: 1/1
   236 | D:1      | Found a faded altar of an unknown god.
   645 | D:2      | Reached XP level 3. HP: 32/36 MP: 2/2
  1035 | D:2      | Reached XP level 4. HP: 34/44 MP: 3/3
  1662 | D:3      | Reached XP level 5. HP: 49/53 MP: 4/4
  1877 | D:4      | Noticed a phantom
  1881 | D:4      | Killed a phantom
  1882 | D:4      | Found Icoeri Kioh's General Store.
  1908 | D:4      | Reached XP level 6. HP: 56/61 MP: 5/5
  2107 | D:4      | Noticed Duvessa
  2119 | D:4      | Reached XP level 7. HP: 46/68 MP: 6/6
  2144 | D:4      | Noticed Dowan
  2164 | D:4      | Killed Dowan
  2167 | D:4      | Mangled by Duvessa

Illustrated notes

Levels and vault maps discovered:
D:1:      co_arrival_random_square_maze, layout_basic,
          ebering_ecumenical_altar_sacrificial
D:2:      layout_loops_ring, nicolae_concentric_dashed_squares_mild
D:3:      layout_basic, grunt_decor_mini_mirrors, minmay_checkerbox
D:4:      layout_rooms, serial_shops, nicolae_shop_advertising_works
          [nicolae_subvault_shop_adworks], minmay_diced_spiral, uniq_duvessa,
          uniq_menkaure, uniq_blork_the_orc

Skill      XL: |  1  2  3  4  5  6  7 |
---------------+----------------------+-----
Fighting       | 3 4 |  4.0
Dodging        | 3 4 |  4.0
Stealth        | 2 |  2.4
Unarmed Combat | 4 |  4.8
Armour         | |  0.1

Action                   |  1- 3 |  4- 6 |  7- 9 || total
-------------------------+-------+-------+-------++-------
Melee: Unarmed           |    80 |   115 |    20 ||   215
       Punch             |     1 |     3 |       ||     4
  Use: Potion            |       |     1 |       ||     1
 Stab: Sleeping          |     1 |     5 |       ||     6
Armor: Robe              |    36 |    35 |     8 ||    79
Dodge: Dodged            |    46 |    58 |     6 ||   110
